 Dungeon Crawl Stone Soup version 0.27-a0-1147-gb3d8e82157 (webtiles) character file.

Game seed: 9502686602858260805

251 shoop the Digger (level 5, -3/41 HPs)
             Began as a Demigod Earth Elementalist on May 11, 2021.
             Slain by a scorpion (4 damage)
             ... on level 4 of the Dungeon.
             The game lasted 00:07:37 (3606 turns).

shoop the Digger (Demigod Earth Elementalist)       Turns: 3606, Time: 00:07:40

Health: -3/41      AC:  4    Str:  9    XL:     5   Next: 57%
Magic:  1/12       EV: 12    Int: 19    God:
Gold:   99         SH:  0    Dex: 14    Spells: 8/9 levels left

rFire    . . .     SeeInvis .   d - +0 mace
rCold    . . .     Faith    .   (no shield)
rNeg     . . .     Spirit   .   c - +0 robe
rPois    .         Reflect  .   n - +0 helmet
rElec    .         Harm     .   f - +0 cloak
rCorr    .         Rampage  .   (no gloves)
Will     .....                  (no boots)
Stlth    +++.......             (no amulet)
HPRegen  0.13/turn              (no ring)
MPRegen  0.13/turn              (no ring)

@: lethally poisoned (-3 -> -16)
A: high mp 1, forlorn, camouflage 1, dopey 1, screaming 2
a: no special abilities


You were on level 4 of the Dungeon.
You visited 1 branch of the dungeon, and saw 4 of its levels.

You collected 99 gold pieces.

Inventory:

Hand Weapons
 d - a +0 mace (weapon)
Missiles
 b - 76 stones
 k - 10 poisoned darts
Armour
 c - a +0 robe (worn)
 f - a +0 cloak (worn)
 n - a +0 helmet (worn)
Wands
 r - a wand of charming (5)
Scrolls
 e - a scroll of acquirement {unknown}
 h - a scroll of identify {unknown}
 i - a scroll of immolation {unknown}
 m - a scroll of enchant weapon {unknown}
 p - a scroll of teleportation {unknown}
 s - a scroll of torment {unknown}
Potions
 a - a potion of brilliance {unknown}
 g - a potion of attraction {unknown}
 j - a potion of ambrosia {unknown}
 l - a potion of might {unknown}
 o - a potion of mutation
 q - a potion of invisibility {unknown}


   Skills:
 - Level 2.0 Fighting
 - Level 2.0 Dodging
 - Level 2.0 Stealth
 + Level 2.9 Spellcasting
 - Level 0.8 Transmutations
 * Level 4.7 Earth Magic


You had 8 spell levels left.
You knew the following spells:

 Your Spells              Type           Power      Damage    Failure   Level
a - Sandblast             Erth           42%        2d11      2%          1

Your spell library contained the following spells:

 Spells                   Type           Power      Damage    Failure   Level
 Passwall                 Tmut/Erth      10%        N/A       8%          2
 Stone Arrow              Conj/Erth      22%        3d8       17%         3
 Confusing Touch          Hex            2%         N/A       43%         3
 Gell's Gravitas          Tloc           1%         N/A       43%         3
 Petrify                  Tmut/Erth      13%        N/A       43%         4
 Lee's Rapid Deconstruct  Erth           10%        3d9*      52%         5
 Yara's Violent Unravell  Hex/Tmut       2%         3d3       98%         5
 Metabolic Englaciation   Hex/Ice        1%         N/A       99%         5


Dungeon Overview and Level Annotations

Branches:
Dungeon (4/15)
 Temple: D:4-7

Shops:
D:2 :   D:3 :(::


Innate Abilities, Weirdness & Mutations

Your attributes grow dramatically as you level up.
You have an increased reservoir of magic. (+10% MP)
You shall have no god before yourself.
Your skin changes colour to match your surroundings (Stealth+).
You are dopey. (Int -2)
You frequently scream uncontrollably at your foes.


Message History

Your magical contamination has completely faded away.
Casting: Sandblast (safe; 1% risk of failure)
Confirm with . or Enter, or press ? or * to list all spells.
Aiming: Sandblast (safe; 1% risk of failure)
Press: ? - help, Shift-Dir - straight line, f/p - scorpion
Aim: a scorpion (heavily wounded, 81% to hit)
The blast of sand hits the scorpion!
The scorpion is almost dead.
You feel sick. The scorpion stings you!
You are more poisoned.
The scorpion poisons you!
Casting: Sandblast (safe; 1% risk of failure)
Confirm with . or Enter, or press ? or * to list all spells.
Aiming: Sandblast (safe; 1% risk of failure)
Press: ? - help, Shift-Dir - straight line, f/p - scorpion
Aim: a scorpion (almost dead, 81% to hit)
The blast of sand misses the scorpion.
You feel very sick. The scorpion barely misses you.
Unknown command.
Casting: Sandblast (safe; 1% risk of failure)
Confirm with . or Enter, or press ? or * to list all spells.
You don't have enough magic to cast this spell.
Unknown command.
You closely miss the scorpion.
The scorpion is almost dead.
* * * LOW HITPOINT WARNING * * *
You feel very sick. The scorpion stings you.
* * * LOW HITPOINT WARNING * * *
You are more poisoned.
The scorpion poisons you! The scorpion stings you.
* * * LOW HITPOINT WARNING * * *
It was a potion of mutation.
You feel extremely strange.
You feel stupid.
You feel the urge to shout.
You feel a strong urge to scream.
Your skin functions as natural camouflage.
* * * LOW HITPOINT WARNING * * *
You feel very sick. The scorpion stings you.
You die...

.. .# # ..#.#..#
#.###.#.##.####
#.#...........##
#..........!...##
#...............#
#........>......#
#....†<....†....##
#..........@.....##
.............s......
.......=............
........†....†....##
....................
....#########.......
.... .....#. ..
....... .....##


You could see a scorpion.

Vanquished Creatures
  Natasha (thrice) (D:3)
  An iguana (D:4)
  Robin (D:3)
  3 gnolls (D:2)
  2 adders (D:2)
  A dart slug (D:3)
  3 orcs (D:3)
  8 bats
  5 endoplasms
  2 giant cockroaches
  15 goblins
  14 hobgoblins
  7 jackals
  4 quokkas
  3 ball pythons
  2 frilled lizards (D:1)
  3 kobolds
  2 rats (D:2)
79 creatures vanquished.

Notes
Turn   | Place    | Note
-------+----------+-------------------------------------------
     0 | D:1      | shoop the Demigod Earth Elementalist began the quest for
                  | the Orb.
     0 | D:1      | Reached XP level 1. HP: 14/14 MP: 5/5
   224 | D:1      | Reached skill level 3 in Earth Magic
   262 | D:1      | Reached XP level 2. HP: 20/20 MP: 4/7
  1200 | D:2      | Reached XP level 3. HP: 26/26 MP: 5/8
  1736 | D:2      | Reached XP level 4. HP: 29/34 MP: 6/10
  1806 | D:2      | Reached skill level 1 in Fighting
  1925 | D:2      | Reached skill level 4 in Earth Magic
  2332 | D:2      | Found Unlah's Book Boutique.
  2350 | D:3      | Noticed Robin
  2563 | D:3      | Killed Robin
  2564 | D:3      | Found Medugask's Book Shoppe.
  2712 | D:3      | Noticed Natasha
  2715 | D:3      | Killed Natasha
  2757 | D:3      | Noticed Natasha
  2763 | D:3      | Killed Natasha
  2764 | D:3      | Reached XP level 5. HP: 40/40 MP: 9/12
  2794 | D:3      | Found Rutwu's Book Shop.
  2794 | D:3      | Noticed Natasha
  2808 | D:3      | Killed Natasha
  3076 | D:3      | Found Huasien's Book Emporium.
  3298 | D:3      | Found Vaeskini's Antique Weapon Boutique.
  3606 | D:4      | Gained mutation: You are dopey. (Int -2) [potion of
                  | mutation]
  3606 | D:4      | Gained mutation: You occasionally shout uncontrollably at
                  | your foes. [potion of mutation]
  3606 | D:4      | Gained mutation: You frequently scream uncontrollably at
                  | your foes. [potion of mutation]
  3606 | D:4      | Gained mutation: Your skin changes colour to match your
                  | surroundings (Stealth+). [potion of mutation]
  3606 | D:4      | HP: 1/41 [poisoned by a scorpion]
  3606 | D:4      | Slain by a scorpion

Illustrated notes

Levels and vault maps discovered:
D:1:      dpeg_arrival_morbid_curiosity, layout_rooms, minmay_misc_feat_chi
D:2:      layout_loops_cross, serial_shops, shop, kennysheep_nub,
          minmay_hexomino_r4
D:3:      layout_loops_ring, serial_shops, shop, shop, shop_fountains,
          nicolae_shop_window_shopping, hangedman_decor_peaks_small,
          uniq_natasha, uniq_robin
D:4:      layout_rooms, grunt_temple_overflow_open

Skill      XL: |  1  2  3  4  5 |
---------------+----------------+-----
Stealth        | 2 |  2.0
Earth Magic    | 3 4 |  4.7
Spellcasting   | 2 |  2.9
Dodging        | 2 |  2.0
Fighting       | 1 2 |  2.0
Transmutations | |  0.8

Action                   |  1- 3 |  4- 6 || total
-------------------------+-------+-------++-------
Melee: Mace              |    21 |    39 ||    60
 Cast: Sandblast         |    51 |    68 ||   119
  Use: Potion            |       |     1 ||     1
 Stab: Sleeping          |     1 |     1 ||     2
Armor: Robe              |     8 |    20 ||    28
Dodge: Dodged            |    29 |    70 ||    99

Table legend: (Time is in decaauts)
 A = Elapsed time spent in this place.
 B = Non-inter-level travel time spent in this place.
 C = Inter-level travel time spent in this place.
 D = Time resting spent in this place.
 E = Time spent auto-exploring this place.
 F = Levels seen in this place.
 G = Mean time per level.
                   A        B        C        D        E       F      G
               +--------+--------+--------+--------+--------+-----+--------+
         Total |   3631 |   3557 |     74 |    376 |   2746 |   4 |  907.8 |
       Dungeon |   3631 |   3557 |     74 |    376 |   2746 |   4 |  907.8 |
               +--------+--------+--------+--------+--------+-----+--------+

Top non-repeatable levels by time:
     D:2: 1496 daAuts
     D:1: 1056 daAuts
     D:3: 1014 daAuts
     D:4: 63 daAuts
